 Dungeon Crawl Stone Soup version 0.31.0-11-ge490571c62 (webtiles) character file.

Game seed: 6988357355499475993

112 Aneyh the Slasher (level 4, 0/29 HPs)
             Began as a Tengu Monk on Feb 4, 2024.
             Frozen to death by an endoplasm (4 damage)
             ... on level 3 of the Dungeon.
             The game lasted 00:05:07 (1654 turns).

Aneyh the Slasher (Tengu Monk)                      Turns: 1654, Time: 00:05:08

Health: 0/29       AC:  2    Str: 11    XL:     4   Next: 95%
Magic:  5/5        EV: 13    Int: 10    God:
Gold:   194        SH:  0    Dex: 19    Spells: 3/3 levels left

rFire   . . .        a - +2 dagger (elec)
rCold   . . .        (no shield)
rNeg    . . .        j - +0 robe
rPois   .            (helmet restricted)
rElec   .            (no cloak)
rCorr   .            (no gloves)
SInv    .            (boots unavailable)
Will    .....        (no amulet)
Stlth   +            (no ring)
HPRegen 0.24/turn    (no ring)
MPRegen 0.09/turn

%: acrobat
@: confused, ambrosia-drunk
A: beak, talons 3, acrobatic
a: no special abilities


You were on level 3 of the Dungeon.
You visited 1 branch of the dungeon, and saw 3 of its levels.

You collected 194 gold pieces.

Inventory:

Hand Weapons
 a - a +2 dagger of electrocution (weapon)
 b - a +0 sling
 k - a +0 falchion
Missiles
 o - 6 poisoned darts (quivered)
Armour
 d - an orb of light
 j - a +0 robe (worn)
Scrolls
 e - 8 scrolls of identify {unknown}
 f - a scroll of amnesia {unknown}
 i - a scroll of immolation {unknown}
 m - a scroll of fog {unknown}
 n - a scroll of teleportation {unknown}
 p - a scroll of revelation {unknown}
Potions
 c - a potion of ambrosia
 g - a potion of cancellation {unknown}
 h - 3 potions of curing {unknown}
 l - a potion of attraction {unknown}


   Skills:
 + Level 4.2 Fighting
 - Level 5.0 Long Blades
 - Level 3.3 Dodging


You had 3 spell levels left.
You didn't know any spells.
Your spell library contained the following spells:

 Spells                   Type           Power      Damage    Failure   Level
 Ensorcelled Hibernation  Hex/Ice        0%         N/A       50%         2
 Fugue of the Fallen      Necr           0%         N/A       75%         3
 Inner Flame              Hex/Fire       0%         N/A       75%         3
 Anguish                  Hex/Necr       0%         N/A       98%         4
 Manifold Assault         Tloc           0%         N/A       98%         4
 Irradiate                Conj/Alch      0%         3d11      100%        5
 Dispersal                Tloc           0%         N/A       100%        6
 Disjunction              Tloc           0%         N/A       100%        8
 Ignition                 Fire           0%         3d3       100%        8


Dungeon Overview and Level Annotations

Branches:
Dungeon (3/15)

Altars:
Nemelex Xobeh

Annotations:
D:3 Ijyb


Innate Abilities, Weirdness & Mutations

You have a beak for a mouth.
You have claws for feet.
You can magically evade attacks while moving or waiting.


Message History

The endoplasm freezes you.
You are frozen.
The adder bites you.
You hear the crackle of electricity.
a - a +2 dagger of electrocution (weapon)
You feel sick.
You hit the adder.
The adder is heavily wounded.
The adder bites you. The endoplasm barely misses you.
You barely miss the adder.
The adder is heavily wounded.
You feel sick. The adder bites you. The endoplasm barely misses you.
You hit the adder but do no damage. You claw the adder, but do no damage.
The adder is heavily wounded.
You feel sick. The adder misses you. The endoplasm hits you.
The adder bites you.
You hit the adder.
The adder is severely wounded.
You feel sick.
You are no longer poisoned.
The adder misses you.
The endoplasm hits you but does no damage.
You barely miss the adder. Your kick misses the adder.
The adder is severely wounded.
The adder bites you.
* * * LOW HITPOINT WARNING * * *
You hit the adder. Your kick misses the adder.
The adder is severely wounded.
The endoplasm freezes you.
You are frozen.
* * * LOW HITPOINT WARNING * * *
The adder closely misses you.
You miss the adder. You claw the adder.
You kill the adder!
The endoplasm hits you.
* * * LOW HITPOINT WARNING * * *
You are confused.
You feel invigorated. The endoplasm freezes you.
You are frozen.
You die...

..#.#..##.#
..._....#.##
†.#.#......##
###...#.#...#########
#####.....##......###.
##.)..............
#...##........†..
##....#...J..#
#.#.....@†?.#
#.##....#.###
#..###..#.# ##. #....#
.. #....# .. .....#
...#...... ........


You could see an endoplasm.

Vanquished Creatures
  4 adders
  A ribbon worm (D:2)
  3 dart slugs
  8 endoplasms
  A giant cockroach (D:1)
  9 goblins
  4 hobgoblins
  4 jackals (D:2)
  7 kobolds
  5 quokkas
  9 ball pythons
  4 bats
  2 frilled lizards
  5 rats
66 creatures vanquished.

Notes
Turn   | Place    | Note
-------+----------+-------------------------------------------
     0 | D:1      | Aneyh the Tengu Monk began the quest for the Orb.
     0 | D:1      | Reached XP level 1. HP: 14/14 MP: 2/2
   110 | D:1      | Found a faded altar of an unknown god.
   137 | D:1      | Reached XP level 2. HP: 15/19 MP: 3/3
   195 | D:1      | Reached skill level 4 in Long Blades
   443 | D:1      | Reached XP level 3. HP: 23/23 MP: 4/4
   884 | D:2      | Reached skill level 5 in Long Blades
  1021 | D:2      | Reached XP level 4. HP: 28/28 MP: 5/5
  1512 | D:3      | Noticed Ijyb
  1580 | D:3      | Found a sparkling altar of Nemelex Xobeh.
  1653 | D:3      | HP: 1/29 [endoplasm (3)]
  1654 | D:3      | Frozen to death by an endoplasm

Illustrated notes

Levels and vault maps discovered:
D:1:      dpeg_arrival_stone_temple_mockup, layout_loops_ring,
          dreamdust_ecumenical_altar_grove, minmay_pentomino_q4
D:2:      layout_rooms, nrook_mini_vaults
D:3:      layout_rooms, mainiacjoe_overflow_tiny_flanked,
          mainiacjoe_overflow_brackets, lemuel_crystal_altar, uniq_ijyb

Skill      XL: |  1  2  3  4 |
---------------+-------------+-----
Long Blades    | 4 5 |  5.0
Fighting       | 4 |  4.2
Dodging        | |  3.3

Action                     |  1- 3 |  4- 6 || total
---------------------------+-------+-------++-------
  Melee: Falchion          |    57 |       ||    57
         Peck              |     9 |     2 ||    11
         Kick              |    19 |     4 ||    23
         Dagger            |     7 |    18 ||    25
   Fire: Sling             |    34 |    39 ||    73
    Use: Potion            |       |     1 ||     1
   Stab: Sleeping          |     6 |       ||     6
 Armour: Robe              |    22 |    19 ||    41
  Dodge: Dodged            |    36 |    15 ||    51
